AoeStats
← KLOAKAN

Hideout

508466928Analyzed
1v1 RM · 9d ago on Sep 22, 2026· 22m 9s· 2 players
Game mode
Random Map
Map size
Tiny (2 player)
Population
200
Speed
Normal
Resources
Standard
Victory
Conquest
Starting age
Dark Age
Ending age
Imperial Age
RankedLock teamsTeams togetherTeam positionsShared explorationLock speedFull tech treeHidden civsTurbo modeCheats
Victory
Defeat
🇩🇪 Spanish · Germany
1330
+19
🇨🇿 Saxons · Czechia
1387
-19
Frimbolin
10:48 Feudal Age
9:44 Loom
15:23 Castle Age
14:31 Double-Bit Axe
18:57 Horse Collar
KLOAKAN
7:15 Loom
9:43 Feudal Age
9:46 Man-at-Arms
10:26 Double-Bit Axe
12:55 Town Watch
15:29 Fletching
18:35 Wheelbarrow
21:45 Castle Age
20:22 Padded Archer Armor
Connection lost

Rejoining the realm…

Still unreachable

The connection could not be restored.

Session expired

The server has moved on; the page needs a fresh start.